 Dungeon Crawl Stone Soup version 0.28-a0-479-g5baa6b73be (webtiles) character file.

Game seed: 9550084417807685713

16 Dabor the Skirmisher (level 2, 0/24 HPs)
             Began as a Formicid Abyssal Knight on Sept 19, 2021.
             Was a Follower of Lugonu.
             Slain by a hobgoblin (4 damage)
             ... on level 1 of the Dungeon.
             The game lasted 00:01:03 (786 turns).

Dabor the Skirmisher (Formicid Abyssal Knight)       Turns: 786, Time: 00:01:04

Health: 0/24       AC:  3    Str: 16    XL:     2   Next: 75%
Magic:  3/3        EV: 11    Int: 11    God:    Lugonu [*.....]
Gold:   81         SH:  0    Dex: 10    Spells: 1/1 levels left

rFire   . . .      SeeInvis +   a - +2 spear
rCold   . . .      Faith    .   (no shield)
rNeg    . . .      Spirit   .   b - +0 leather armour
rPois   .          Reflect  .   (helmet unavailable)
rElec   .          Harm     .   (no cloak)
rCorr   .          Rampage  .   (no gloves)
Will    .....                   (no boots)
Stlth   +.........              (no amulet)
HPRegen 0.08/turn               (no ring)
MPRegen 0.08/turn               (no ring)

@: no status effects
A: permanent stasis, dig shafts and tunnels, antennae 3, four strong arms
a: Dig, Shaft Self, Renounce Religion, Depart the Abyss


You were on level 1 of the Dungeon.
You worshipped Lugonu.
Lugonu was aware of your devotion.
You visited 1 branch of the dungeon, and saw 1 of its levels.
You visited the Abyss 1 time.

You collected 81 gold pieces.

Inventory:

Hand Weapons
 a - a +2 spear (weapon)
Missiles
 d - 5 curare-tipped darts
Armour
 b - a +0 leather armour (worn)
Jewellery
 e - a +6 ring of intelligence
Potions
 f - a potion of might {unknown}


   Skills:
 * Level 3.5 Fighting
 * Level 2.2 Polearms
 + Level 0.0 Throwing
 * Level 2.5 Armour
 + Level 1.1 Dodging
 + Level 2.5 Invocations


You had one spell level left.
You didn't know any spells.
Your spell library was empty.

Dungeon Overview and Level Annotations

Branches:
Dungeon (1/15)

Altars:


Innate Abilities, Weirdness & Mutations

You cannot be hasted, slowed, berserked, paralysed or teleported.
You can dig through walls and to a lower floor.
You have a pair of large antennae on your head. (SInv)
Your four strong arms can wield two-handed weapons with a shield.


Message History

The hobgoblin closely misses you. The quokka closely misses you.
There are monsters nearby!
You hit the quokka.
The quokka is almost dead.
The bat hits you.
The hobgoblin hits you but does no damage.
The quokka bites you.
There are monsters nearby!
You are too injured to fight recklessly!
There are monsters nearby!
You are too injured to fight recklessly!
There are monsters nearby!
You are too injured to fight recklessly!
You are too injured to fight recklessly!
The quokka twitches its whiskers.
The quokka barely misses you. The bat hits you but does no damage.
You hit the quokka.
You kill the quokka!
Lugonu accepts your kill. The bat hits you but does no damage.
The hobgoblin barely misses you.
You completely miss the hobgoblin. The bat hits you but does no damage.
The hobgoblin hits you.
* * * LOW HITPOINT WARNING * * *
You hit the hobgoblin.
The hobgoblin is moderately wounded.
The bat barely misses you. The hobgoblin hits you.
* * * LOW HITPOINT WARNING * * *
You hit the hobgoblin.
The hobgoblin is severely wounded.
The bat barely misses you. The hobgoblin closely misses you. The bat hits you.
* * * LOW HITPOINT WARNING * * *
Okay, then.
As you read the scroll labelled LEYNEWNA XIG, it crumbles to dust.
It is a scroll of enchant weapon.
Your +1 spear glows red for a moment.
The bat misses you.
The hobgoblin hits you but does no damage.
You closely miss the hobgoblin.
The hobgoblin is severely wounded.
The bat hits you but does no damage. The hobgoblin hits you.
You die...

#### { ...# .P.# ####
######.P.# #... #..
#..#_#...### #.##
#...#@.#.#≈.P..# #.##
#....bg...#{.#.# ##...
#.P..⌠.≈..#..#.# #....
#..P.P⌠⌠.≈.#P..#.##...#
##..P.≈P.P.#P.# #.....#
..#P...P.P..#.# ##..#.#
#.#...PP.PP..#P###.###.#
#........###....#.## #.#
..####### #####.## #.#


You could see a hobgoblin and a bat.

Vanquished Creatures
  A dart slug (D:1)
  An endoplasm (D:1)
  A giant cockroach (D:1)
  A goblin (D:1)
  A hobgoblin (D:1)
  2 kobolds (D:1)
  2 quokkas (D:1)
  A ball python (D:1)
  A bat (D:1)
  2 rats (D:1)
13 creatures vanquished.

Notes
Turn   | Place    | Note
-------+----------+-------------------------------------------
     0 | Abyss:1  | Dabor the Formicid Abyssal Knight began the quest for the
                  | Orb.
     0 | Abyss:1  | Reached XP level 1. HP: 18/18 MP: 2/2
    29 | Abyss:1  | Found an ancient bone altar of Kikubaaqudgha.
    53 | Abyss:1  | Noticed a smoke demon
    56 | D:1      | Escaped the Abyss
   231 | D:1      | Reached skill level 1 in Dodging
   412 | D:1      | Reached XP level 2. HP: 24/24 MP: 3/3
   761 | D:1      | Reached * piety under Lugonu
   765 | D:1      | Found a faded altar of an unknown god.
   786 | D:1      | Slain by a hobgoblin

Illustrated notes

Levels and vault maps discovered:
D:1:      scummos_arrival_forest, layout_loops_ring,
          shapermc_ecumenical_altar_mp_ritualfount

Skill      XL: |  1 |
---------------+----+-----
Dodging        | 1 |  1.1
Fighting       | |  3.5
Polearms       | |  2.2
Armour         | |  2.5
Invocations    | |  2.5

Action                   || total
-------------------------++-------
Melee: Spear             ||    51
Invok: Depart the Abyss  ||     1
  Use: Scroll            ||     1
Armor: Leather armour    ||    15
Dodge: Dodged            ||    35

Table legend: (Time is in decaauts)
 A = Elapsed time spent in this place.
 B = Non-inter-level travel time spent in this place.
 C = Inter-level travel time spent in this place.
 D = Time resting spent in this place.
 E = Time spent auto-exploring this place.
 F = Levels seen in this place.
 G = Mean time per level.
                   A        B        C        D        E       F      G
               +--------+--------+--------+--------+--------+-----+--------+
         Total |    785 |    747 |     38 |    158 |    454 |   2 |  392.5 |
       Dungeon |    729 |    691 |     38 |    158 |    424 |   1 |  729.0 |
         Abyss |     56 |     56 |      0 |      0 |     30 |   1 |   56.0 |
               +--------+--------+--------+--------+--------+-----+--------+

Top non-repeatable levels by time:
     D:1: 729 daAuts
 Abyss:1: 56 daAuts
